 Dungeon Crawl Stone Soup version 0.28-a0-1038-g9c4cb8273d (webtiles) character file.

Game seed: 12569447360322722210

168 siradein the Skirmisher (level 5, 0/50 HPs)
             Began as a Naga Fighter on Dec 9, 2021.
             Slain by Grinder (2 damage)
             ... on level 4 of the Dungeon.
             The game lasted 00:04:43 (3269 turns).

siradein the Skirmisher (Naga Fighter)              Turns: 3269, Time: 00:04:44

Health: 0/50       AC:  5    Str: 19    XL:     5   Next: 49%
Magic:  5/5        EV:  5    Int:  8    God:
Gold:   237        SH:  8    Dex: 12    Spells: 4/4 levels left

rFire   . . .      SeeInvis +   a - +0 flail
rCold   . . .      Faith    .   e - +0 kite shield
rNeg    . . .      Spirit   .   b - +0 scale mail
rPois   +          Reflect  .   (no helmet)
rElec   .          Harm     .   (no cloak)
rCorr   .          Rampage  .   (no gloves)
Will    .....                   (no barding)
Stlth   ..........              (no amulet)
HPRegen 0.16/turn               (no ring)
MPRegen 0.09/turn               (no ring)

@: mighty, very slow
A: AC +1, large, see invisible, deformed body, poison resistance, slowness 2,
spit poison 1, naga tail 1
a: Spit Poison


You were on level 4 of the Dungeon.
You visited 1 branch of the dungeon, and saw 4 of its levels.

You collected 237 gold pieces.

Inventory:

Hand Weapons
 a - a +0 flail (weapon)
Armour
 b - a +0 scale mail (worn)
 e - a +0 kite shield (worn)
Scrolls
 f - 3 scrolls of identify
 i - 2 scrolls of torment {unknown}
 j - a scroll of teleportation {unknown}
Potions
 c - 2 potions of haste
 g - a potion of attraction
 h - 2 potions of curing


   Skills:
 + Level 3.9 Fighting
 + Level 3.1 Maces & Flails
 + Level 3.2 Armour
 + Level 3.2 Shields


You had 4 spell levels left.
You didn't know any spells.
Your spell library contained the following spells:

 Spells                   Type           Power      Damage    Failure   Level
 Slow                     Hex            0%         N/A       99%         1
 Confusing Touch          Hex            0%         N/A       100%        3
 Vampiric Draining        Necr           0%         2d6       100%        3


Dungeon Overview and Level Annotations

Branches:
Dungeon (4/15)
 Temple: D:4-7

Altars:
Trog

Shops:
D:2 [   D:4 !

Annotations:
D:3 3 runed translucent doors, demibob's ghost, amateur DsWn
D:4 Grinder


Innate Abilities, Weirdness & Mutations

Your serpentine skin is tough. (AC +1)
You have supernaturally acute eyesight. (SInv)
Armour fits poorly on your strangely shaped body.
Your system is resistant to poisons. (rPois)
You cover ground very slowly.
You can spit poison.
You have a snake-like lower body.


Message History

You have got your breath back.
Aiming: Spit Poison (1% risk of failure)
Press: ? - help, Q - select action Shift-Dir - straight line, f/p - Grinder
Aim: Grinder, carrying a wand of digging (2)
The splash of poison hits Grinder.
Grinder is lightly wounded.
Grinder gestures at you. Pain shoots through your body!
Grinder blinks!
Grinder blinks!
Grinder zaps a wand.
Some rock shatters into small pieces.
You have got your breath back.
Grinder gestures at you.
You suddenly lose the ability to move!
Grinder hits you. Grinder gestures at you.
You shrug off the repeated paralysis!
Grinder hits you. Grinder gestures at you. Pain shoots through your body!
* * * LOW HITPOINT WARNING * * *
You can move again.
You feel very mighty all of a sudden. Grinder barely misses you.
You sock Grinder!
Grinder is moderately wounded.
Grinder hits you.
* * * LOW HITPOINT WARNING * * *
Grinder hits you.
* * * LOW HITPOINT WARNING * * *
You writhe in agony.
* * * LOW HITPOINT WARNING * * *
You barely miss Grinder.
Grinder is moderately wounded.
You block Grinder's attack.
Unknown command.
You closely miss Grinder.
Grinder is moderately wounded.
Grinder hits you.
You die...

##### ##### #.##### #
##...## #.# #
##.....## #.#
#.......# #.#
#......[# #.#
#)......# #.#
##.....########.###
##...##...†......#
#######'##..@5.....#.#
.............#######.#
............## #
.....^......#
#######'#...# #...##.#
#.....### #...)...
#....?..#


You could see Grinder.

Vanquished Creatures
  Natasha (thrice) (D:2)
  2 adders
  A gnoll (D:1)
  2 dart slugs
  An orc (D:4)
  5 ball pythons
  3 bats (D:2)
  An endoplasm (D:1)
  2 giant cockroaches
  5 goblins
  5 hobgoblins
  3 jackals (D:1)
  8 quokkas
  4 frilled lizards
  8 kobolds
  7 rats
60 creatures vanquished.

Notes
Turn   | Place    | Note
-------+----------+-------------------------------------------
     0 | D:1      | siradein the Naga Fighter began the quest for the Orb.
     0 | D:1      | Reached XP level 1. HP: 21/21 MP: 1/1
    28 | D:1      | Reached XP level 2. HP: 15/28 MP: 2/2
   531 | D:1      | Reached XP level 3. HP: 30/34 MP: 3/3
   909 | D:1      | Found a faded altar of an unknown god.
  1515 | D:2      | Noticed Natasha
  1529 | D:2      | Killed Natasha
  1530 | D:2      | Reached XP level 4. HP: 21/42 MP: 4/4
  1730 | D:2      | Noticed Natasha
  1739 | D:2      | Killed Natasha
  1963 | D:2      | Found Ypeuleikh's Armour Shop.
  2036 | D:2      | Reached XP level 5. HP: 50/50 MP: 5/5
  2056 | D:2      | Noticed Natasha
  2062 | D:2      | Killed Natasha
  2512 | D:3      | Found a bloodstained altar of Trog.
  2513 | D:3      | Found a runed translucent gate.
  2514 | D:3      | Noticed demibob's ghost (amateur DsWn)
  2515 | D:3      | Found a runed translucent gate.
  2515 | D:3      | Found a runed translucent gate.
  2878 | D:4      | Found Zyle's Distillery.
  3239 | D:4      | Noticed Grinder
  3244 | D:4      | Paralysed by Grinder for 5 turns
  3261 | D:4      | Paralysed by Grinder for 5 turns
  3267 | D:4      | HP: 2/50 [Grinder (3)]
  3269 | D:4      | Slain by Grinder

Illustrated notes

Levels and vault maps discovered:
D:1:      saegor_arrival_simple_b, layout_loops_ring,
          hellmonk_ecumenical_altar_dog_temple
D:2:      layout_rooms, serial_shops, shop, uniq_natasha
D:3:      layout_rooms, lemuel_tele_altar, gammafunk_ghost_split
D:4:      kennysheep_six_static_rooms, layout_basic,
          minmay_temple_entry_offerings, st_stairs_4, kennysheep_minor_cross,
          nicolae_inconvenience_store, uniq_grinder, uniq_duvessa,
          uniq_blork_the_orc

Skill      XL: |  1  2  3  4  5 |
---------------+----------------+-----
Armour         | 3 |  3.2
Shields        | 3 |  3.2
Maces & Flails | 3 |  3.1
Fighting       | |  3.9

Action                   |  1- 3 |  4- 6 || total
-------------------------+-------+-------++-------
Melee: Flail             |    71 |    73 ||   144
 Abil: Spit Poison       |    15 |    26 ||    41
  Use: Scroll            |       |     3 ||     3
       Potion            |       |     1 ||     1
Armor: Scale mail        |    38 |    35 ||    73
Dodge: Dodged            |    27 |    17 ||    44
Block: Buckler           |     5 |       ||     5
       Kite shield       |    30 |    28 ||    58

Table legend: (Time is in decaauts)
 A = Elapsed time spent in this place.
 B = Non-inter-level travel time spent in this place.
 C = Inter-level travel time spent in this place.
 D = Time resting spent in this place.
 E = Time spent auto-exploring this place.
 F = Levels seen in this place.
 G = Mean time per level.
                   A        B        C        D        E       F      G
               +--------+--------+--------+--------+--------+-----+--------+
         Total |   4076 |   3996 |     80 |    151 |   3231 |   4 | 1019.0 |
       Dungeon |   4076 |   3996 |     80 |    151 |   3231 |   4 | 1019.0 |
               +--------+--------+--------+--------+--------+-----+--------+

Top non-repeatable levels by time:
     D:1: 1943 daAuts
     D:2: 814 daAuts
     D:4: 671 daAuts
     D:3: 646 daAuts
